 Dungeon Crawl Stone Soup version 0.31-a0-221-gbddc013574 (webtiles) character file.

Game seed: 12862998360807570038

5143 qw the Blocker (level 10, 0/60 HPs)
             Began as a Gargoyle Fighter on July 4, 2023.
             Was an Elder of Okawaru.
             Engulfed by a smoke demon's steam (9 damage)
             ... on level 9 of the Dungeon.
             The game lasted 00:03:52 (7504 turns).

qw the Blocker (Gargoyle Fighter)                   Turns: 7504, Time: 00:03:53

Health: 0/60       AC: 16    Str: 23    XL:     10   Next: 58%
Magic:  12/13      EV:  9    Int: 10    God:    Okawaru [****..]
Gold:   432        SH: 20    Dex:  9    Spells: 9/9 levels left

rFire   . . .        Y - +3 war axe (elec)
rCold   . . .        b - +2 tower shield
rNeg    + + .        t - +0 chain mail
rPois   inf          (no helmet)
rElec   +            u - +1 cloak
rCorr   .            c - +0 pair of gloves
SInv    .            m - +0 pair of boots
Will    .....        e - amulet of faith Stlth
                     n - ring of positive energy
HPRegen 0.30/turn    r - +4 ring of slaying {mikee}
MPRegen 0.13/turn

%: faith
@: about to teleport, heroic, spiked, corroded
A: sickness immunity, AC +7, negative energy resistance 1, electricity
resistance, torment resistance 1, petrification resistance, shaggy fur 1
a: Renounce Religion, Heroism, Finesse


You were on level 9 of the Dungeon.
You worshipped Okawaru.
Okawaru was greatly pleased with you.
You visited 2 branches of the dungeon, and saw 10 of its levels.

You collected 477 gold pieces.
You spent 45 gold pieces at shops.


Innate Abilities, Weirdness & Mutations

You are immune to sickness and miasma.
Your stone body is resilient. (AC +7)
You are immune to poison.
You resist negative energy. (rN+)
You are resistant to electric shocks. (rElec)
You are resistant to unholy torment.
You are immune to petrification.
You are covered in fur. (AC +1)


   Skills:
 - Level 6.0(11.0) Fighting
 + Level 8.8(13.8) Axes
 - Level 1.5(6.5) Throwing
 - Level 4.0(9.0) Armour
 - Level 1.2(6.2) Dodging
 - Level 11.0(16.0) Shields
 + Level 5.2 Invocations


You had 9 spell levels left.
You didn't know any spells.
Your spell library was empty.

Inventory:

Hand Weapons
 g - a +0 morningstar
 Y - a +3 war axe of electrocution (weapon)
Missiles
 k - 11 boomerangs (quivered)
Armour
 b - a +2 tower shield (worn)
 c - a +0 pair of gloves (worn)
 m - a +0 pair of boots (worn)
 t - a +0 chain mail (worn)
 u - a +1 cloak (worn)
 v - +0 acid dragon scales
Jewellery
 e - an amulet of faith (around neck)
 n - a ring of positive energy (left hand)
 r - a +4 ring of slaying (right hand) {mikee}
Wands
 w - a wand of digging (3)
Scrolls
 i - a scroll of identify
Potions
 a - 2 potions of enlightenment
 d - a potion of might
 h - a potion of heal wounds
 j - 3 potions of mutation
 l - 2 potions of magic
 o - a potion of lignification
 p - 4 potions of curing
 s - a potion of attraction

Dungeon Overview and Level Annotations

Branches:
Dungeon (9/15)             Temple (1/1) D:5
   Lair: D:8-11         Orc: D:9-12

Altars:
Ashenzari
Cheibriados
Dithmenos
Elyvilon
Fedhas
Gozag
Hepliaklqana
Kikubaaqudgha
Nemelex Xobeh
Okawaru
Qazlal
Ru
Sif Muna
Trog
Uskayaw
Vehumet
Xom
Zin

Shops:
D:3 [

Annotations:
D:4 2 transporters, qw's ghost, novice MiHs
D:9 exclusions: rust devil and smoke demon


Message History

You closely miss the hellwing. You hit the hellwing but do no damage.
Lightning courses through the hellwing! You block the rust devil's attack.
You block the hellwing's attack. The hellwing barely misses you.
You block the red devil's attack. You block the hellwing's attack. x2
You hit the red devil but do no damage.
The red devil is almost dead.
You hit the rust devil. You barely miss the hellwing. You hit the hellwing.
Lightning courses through the hellwing!!
You kill the hellwing!
Okawaru accepts your kill. You block the rust devil's attack.
You block the hellwing's attack. The hellwing completely misses you.
The red devil hits you with a +0 trident.
Barbed spikes become lodged in your body.
You hit the red devil but do no damage.
The red devil is almost dead.
You hit the rust devil but do no damage.
You hit the hellwing. The smoke demon gestures at you.
The ball of steam hits the rust devil.
The rust devil resists.
The ball of steam hits you but does no damage.
You block the rust devil's attack. You block the hellwing's attack. x2
The red devil hits you with a +0 trident!
Barbed spikes become lodged in your body.
You barely miss the rust devil.
The rust devil is almost dead.
You barely miss the red devil. You closely miss the hellwing.
You are engulfed in a cloud of scalding steam.
The smoke demon gestures at you.
The ball of steam hits the rust devil.
The rust devil resists.
The ball of steam hits you!! You block the rust devil's attack.
You block the hellwing's attack.
The hellwing hits you but does no damage.
The red devil hits you but does no damage.
7504 ||| READING scroll of teleportation.
As you read the scroll of teleportation, it crumbles to dust.
You feel strangely unstable.
You are engulfed in a cloud of scalding steam.
You die...

#.......#... .4.
#.#.###.#..###.~3.¤¤.
#.#.# #.#...#.¤4.)...
# #.# #.#..~##.¤¤..~.
#.... #.#...~#~~¤....
#[...##.#...~##~.!/~#
.............~#~#..##
#....##....¤..4~~¤.~~
#.......##¤.¤@43#~...
####.######...4......
# #..........
#......#.##
###.....<.. .....###?
.....# .....#


You could see a hellwing, a rust devil, a smoke demon and a red devil.

Vanquished Creatures
  Maurice (D:8)
  Joseph (D:8)
  Maggie (D:7)
  A hellwing (D:9)
  Prince Ribbit (D:7)
  2 wyverns (D:8)
  2 steam dragons (D:6)
  3 water moccasins
  An ice beast (D:6)
  A black bear (D:4)
  An orc warrior (D:5)
  4 centaurs
  An ogre (D:4)
  2 phantoms
  3 kobold brigands
  5 bullfrogs
  6 scorpions
  6 killer bees
  5 howler monkeys
  An orc priest (D:8)
  3 jellies
  5 hounds
  5 iguanas
  A gnoll bouda (D:4)
  Ijyb (D:4)
  6 orc wizards
  Natasha (thrice) (D:3)
  A gnoll (D:4)
  7 adders
  A shadow imp (D:5)
  2 ufetubi (D:4)
  2 dart slugs
  24 orcs
  6 endoplasms
  2 giant cockroaches (D:1)
  4 goblins
  5 hobgoblins
  2 jackals (D:5)
  26 kobolds
  3 quokkas
  4 ball pythons
  5 bats
  4 frilled lizards
  3 rats
173 creatures vanquished.

Notes
Turn   | Place    | Note
-------+----------+-------------------------------------------
     0 | D:1      | qw the Gargoyle Fighter began the quest for the Orb.
     0 | D:1      | Reached XP level 1. HP: 14/14 MP: 1/1
     0 | D:1      | 0 ||| qw: Version: 0.3-a-41-g9d075ac
     0 | D:1      | 0 ||| qw: Game counter: 799
     0 | D:1      | 0 ||| qw: Melee chars always use a shield: true
     0 | D:1      | 0 ||| qw: God list: Okawaru
     0 | D:1      | 0 ||| qw: Allow faded altars: false
     0 | D:1      | 0 ||| qw: Do Orc after clearing Dungeon:15 true
     0 | D:1      | 0 ||| qw: Do second Lair branch before Depths: true
     0 | D:1      | 0 ||| qw: Lair rune preference: random
     0 | D:1      | 0 ||| qw: Goals: Normal, Zot:1-4, Slime:5, God:TSO, Crypt,
                  | Tomb, Abyss, Pan, Hells, Win
     0 | D:1      | 0 ||| PLANNING D:1-11
    85 | D:1      | Reached XP level 2. HP: 19/19 MP: 2/2
   241 | D:1      | 241 ||| Stepping ~*~*~tactically~*~*~ (hiding).
   353 | D:1      | Found a faded altar of an unknown god.
   592 | D:1      | Reached skill level 3 in Axes
   632 | D:1      | 632 ||| DROPPING +0 whip of venom.
   633 | D:1      | 633 ||| DROPPING +1 whip of draining.
   824 | D:1      | 824 ||| UPGRADING to +0 kite shield.
   834 | D:1      | 834 ||| DROPPING +0 buckler.
   835 | D:1      | 835 ||| READING scroll labelled REGEOPHET.
   836 | D:1      | 836 ||| READING scroll labelled BEUXIL XUB FIS.
   837 | D:1      | 837 ||| READING scroll labelled RIGREA TEBAVOSM.
   942 | D:2      | Reached XP level 3. HP: 23/23 MP: 3/3
  1011 | D:2      | Reached skill level 4 in Shields
  1172 | D:2      | 1172 ||| Stepping ~*~*~tactically~*~*~ (hiding).
  1454 | D:2      | 1454 ||| UPGRADING to +0 pair of gloves.
  1459 | D:2      | 1459 ||| UPGRADING to amulet of faith.
  1464 | D:2      | 1464 ||| DRINKING 3 green potions.
  1464 | D:2      | Gained mutation: You are covered in fur. (AC +1) [potion of
                  | mutation]
  1490 | D:3      | Reached XP level 4. HP: 26/28 MP: 4/4
  1513 | D:3      | 1513 ||| DROPPING +0 mace.
  1620 | D:3      | 1620 ||| Stepping ~*~*~tactically~*~*~ (stealth).
  1627 | D:3      | 1627 ||| FLEEEEING.
  1628 | D:3      | 1628 ||| FLEEEEING.
  1629 | D:3      | 1629 ||| FLEEEEING.
  1631 | D:3      | 1631 ||| FLEEEEING.
  1632 | D:3      | 1632 ||| FLEEEEING.
  1633 | D:3      | 1633 ||| FLEEEEING.
  1635 | D:3      | 1635 ||| FLEEEEING.
  1636 | D:3      | 1636 ||| FLEEEEING.
  1637 | D:3      | 1637 ||| FLEEEEING.
  1638 | D:3      | 1638 ||| FLEEEEING.
  1639 | D:3      | 1639 ||| FLEEEEING.
  1640 | D:3      | 1640 ||| FLEEEEING.
  1641 | D:3      | 1641 ||| FLEEEEING.
  1643 | D:3      | 1643 ||| FLEEEEING.
  1648 | D:3      | 1648 ||| FLEEEEING.
  1649 | D:3      | 1649 ||| FLEEEEING.
  1650 | D:3      | 1650 ||| FLEEEEING.
  1667 | D:3      | 1667 ||| FLEEEEING.
  1668 | D:3      | 1668 ||| FLEEEEING.
  1669 | D:3      | 1669 ||| FLEEEEING.
  1670 | D:3      | 1670 ||| FLEEEEING.
  1671 | D:3      | 1671 ||| FLEEEEING.
  1672 | D:3      | 1672 ||| FLEEEEING.
  1675 | D:3      | 1675 ||| FLEEEEING.
  1676 | D:3      | 1676 ||| FLEEEEING.
  1677 | D:3      | 1677 ||| FLEEEEING.
  1678 | D:3      | 1678 ||| FLEEEEING.
  1680 | D:3      | 1680 ||| FLEEEEING.
  1681 | D:3      | 1681 ||| FLEEEEING.
  1683 | D:3      | 1683 ||| STAIRDANCE
  1745 | D:2      | 1745 ||| DRINKING 2 fuming cyan potions.
  1751 | D:3      | 1751 ||| STAIRDANCE
  1910 | D:3      | Found Noraulim's Armour Boutique.
  1913 | D:3      | Noticed Natasha
  1914 | D:3      | 1914 ||| Stepping ~*~*~tactically~*~*~ (hiding).
  1923 | D:3      | Killed Natasha
  1924 | D:3      | Reached XP level 5. HP: 26/32 MP: 5/5
  1946 | D:3      | 1946 ||| BUYING +0 pair of boots (45 gold).
  1946 | D:3      | Bought a +0 pair of boots for 45 gold pieces
  1946 | D:3      | 1946 ||| SHOPLISTING +0 plate armour (230 gold, have 110).
  1946 | D:3      | 1946 ||| SHOPLISTING +1 helmet "Peakiwawkeb" {Fly rC+++
                  | Will- SInv} (536 gold, have 110).
  1946 | D:3      | 1946 ||| SHOPLISTING +2 chain mail of fire resistance (215
                  | gold, have 110).
  2151 | D:3      | 2151 ||| Stepping ~*~*~tactically~*~*~ (hiding).
  2285 | D:3      | Found a shadowy altar of Dithmenos.
  2351 | D:3      | 2351 ||| Stepping ~*~*~tactically~*~*~ (stealth).
  2360 | D:3      | Noticed Natasha
  2361 | D:3      | 2361 ||| Stepping ~*~*~tactically~*~*~ (stealth).
  2362 | D:3      | 2362 ||| Stepping ~*~*~tactically~*~*~ (stealth).
  2366 | D:3      | 2366 ||| Stepping ~*~*~tactically~*~*~ (hiding).
  2367 | D:3      | 2367 ||| Stepping ~*~*~tactically~*~*~ (hiding).
  2368 | D:3      | 2368 ||| Stepping ~*~*~tactically~*~*~ (hiding).
  2375 | D:3      | Killed Natasha
  2701 | D:3      | 2701 ||| UPGRADING to +0 pair of boots.
  2706 | D:3      | 2706 ||| UPGRADING to ring of positive energy.
  2707 | D:3      | 2707 ||| READING scroll labelled HOSAPNO RUABB.
  2708 | D:3      | 2708 ||| READING scroll labelled PYSIWO PAOSIQOATU.
  2709 | D:3      | 2709 ||| DRINKING 2 ruby potions.
  2735 | D:3      | Noticed Natasha
  2740 | D:3      | 2740 ||| Stepping ~*~*~tactically~*~*~ (hiding).
  2746 | D:3      | Killed Natasha
  2747 | D:3      | Reached skill level 5 in Shields
  2847 | D:3      | 2847 ||| DRINKING 2 metallic pink potions.
  2863 | D:4      | Noticed a phantom
  2872 | D:4      | Killed a phantom
  2873 | D:4      | Reached XP level 6. HP: 32/37 MP: 6/6
  2914 | D:4      | Noticed a black bear
  2927 | D:4      | Killed a black bear
  2972 | D:4      | Found a transporter.
  3000 | D:4      | 3000 ||| Stepping ~*~*~tactically~*~*~ (stealth).
  3001 | D:4      | 3001 ||| Stepping ~*~*~tactically~*~*~ (stealth).
  3116 | D:4      | Found a transporter.
  3131 | D:4      | Reached XP level 7. HP: 44/44 MP: 7/7
  3162 | D:4      | Reached skill level 1 in Dodging
  3165 | D:4      | HP: 10/44 [gnoll/+0 halberd (8)]
  3166 | D:4      | 3166 ||| READING scroll of teleportation.
  3167 | D:4      | 3167 ||| DRINKING 2 potions of heal wounds.
  3211 | D:4      | Noticed qw's ghost (novice MiHs)
  3274 | D:4      | Noticed Ijyb
  3275 | D:4      | 3275 ||| Stepping ~*~*~tactically~*~*~ (stealth).
  3276 | D:4      | 3276 ||| Stepping ~*~*~tactically~*~*~ (stealth).
  3278 | D:4      | 3278 ||| Stepping ~*~*~tactically~*~*~ (stealth).
  3290 | D:4      | Killed Ijyb
  3305 | D:4      | 3305 ||| FLEEEEING.
  3306 | D:4      | 3306 ||| FLEEEEING.
  3307 | D:4      | 3307 ||| FLEEEEING.
  3308 | D:4      | 3308 ||| FLEEEEING.
  3313 | D:4      | 3313 ||| FLEEEEING.
  3424 | D:4      | Reached skill level 6 in Axes
  3544 | D:4      | 3544 ||| READING scroll labelled WUWOOD KETEA.
  3545 | D:4      | 3545 ||| DRINKING 2 sedimented brown potions.
  3546 | D:4      | 3546 ||| DRINKING 2 pink potions.
  3568 | D:5      | Entered Level 5 of the Dungeon
  3671 | D:5      | Found a staircase to the Ecumenical Temple.
  3672 | D:5      | 3672 ||| PLANNING TEMPLE
  3672 | D:5      | 3672 ||| READING scroll labelled ETRIUNE QOKIAJ.
  3673 | D:5      | 3673 ||| READING 2 scrolls of identify.
  3673 | D:5      | 3673 ||| IDENTIFYING murky ruby potion
  3674 | D:5      | 3674 ||| DROPPING potion of degeneration.
  3683 | Temple   | Entered the Ecumenical Temple
  3684 | Temple   | 3684 ||| PLANNING OKAWARU WORSHIP
  3695 | Temple   | Became a worshipper of Warmaster Okawaru
  3696 | Temple   | 3696 ||| PLANNING D:1-11
  3706 | D:5      | Reached skill level 6 in Shields
  3792 | D:5      | Found a sacrificial altar of Ru.
  3839 | D:5      | Reached XP level 8. HP: 44/48 MP: 8/8
  3884 | D:5      | 3884 ||| Stepping ~*~*~tactically~*~*~ (stealth).
  3887 | D:5      | 3887 ||| Stepping ~*~*~tactically~*~*~ (stealth).
  3888 | D:5      | 3888 ||| Stepping ~*~*~tactically~*~*~ (stealth).
  3905 | D:5      | 3905 ||| FLEEEEING.
  3906 | D:5      | 3906 ||| FLEEEEING.
  3907 | D:5      | 3907 ||| FLEEEEING.
  3908 | D:5      | 3908 ||| FLEEEEING.
  3909 | D:5      | 3909 ||| FLEEEEING.
  3910 | D:5      | 3910 ||| FLEEEEING.
  3911 | D:5      | 3911 ||| STAIRDANCE
  3953 | D:4      | 3953 ||| UPGRADING to +4 ring of slaying {mikee}.
  3956 | D:5      | 3956 ||| STAIRDANCE
  3979 | D:5      | 3979 ||| STAIRDANCE
  4009 | D:5      | Reached * piety under Okawaru
  4057 | D:5      | Found a sparkling altar of Nemelex Xobeh.
  4249 | D:5      | 4249 ||| UPGRADING to +0 chain mail.
  4259 | D:5      | 4259 ||| DROPPING +0 scale mail.
  4260 | D:5      | 4260 ||| READING scroll labelled CANEGRURAI.
  4310 | D:6      | 4310 ||| Stepping ~*~*~tactically~*~*~ (hiding).
  4313 | D:6      | 4313 ||| Stepping ~*~*~tactically~*~*~ (hiding).
  4314 | D:6      | 4314 ||| Stepping ~*~*~tactically~*~*~ (hiding).
  4322 | D:6      | Reached skill level 1 in Invocations
  4476 | D:6      | 4476 ||| READING scroll labelled PUGEQI FUFOXU.
  4479 | D:6      | 4479 ||| READING 2 scrolls of identify.
  4479 | D:6      | 4479 ||| IDENTIFYING glowing inky potion
  4480 | D:6      | 4480 ||| INVOKING Heroism.
  4491 | D:6      | Reached skill level 3 in Invocations
  4498 | D:6      | Reached skill level 7 in Shields
  4535 | D:6      | Identified the +9 dagger of the Amorous God {holy, Fly rC+
                  | rN++ Dex-4}
  4564 | D:6      | 4564 ||| Stepping ~*~*~tactically~*~*~ (stealth).
  4568 | D:6      | 4568 ||| Stepping ~*~*~tactically~*~*~ (stealth).
  4570 | D:6      | 4570 ||| Stepping ~*~*~tactically~*~*~ (stealth).
  4573 | D:6      | 4573 ||| Stepping ~*~*~tactically~*~*~ (hiding).
  4585 | D:6      | 4585 ||| Stepping ~*~*~tactically~*~*~ (stealth).
  4595 | D:6      | Reached ** piety under Okawaru
  4596 | D:6      | Reached skill level 1 in Throwing
  4596 | D:6      | Reached XP level 9. HP: 54/54 MP: 10/12
  4614 | D:6      | 4614 ||| Stepping ~*~*~tactically~*~*~ (hiding).
  4670 | D:6      | 4670 ||| INVOKING Heroism.
  4896 | D:6      | 4896 ||| Stepping ~*~*~tactically~*~*~ (stealth).
  4898 | D:6      | 4898 ||| Stepping ~*~*~tactically~*~*~ (stealth).
  5058 | D:6      | 5058 ||| Stepping ~*~*~tactically~*~*~ (hiding).
  5063 | D:6      | 5063 ||| INVOKING Heroism.
  5111 | D:6      | 5111 ||| Stepping ~*~*~tactically~*~*~ (hiding).
  5319 | D:6      | 5319 ||| UPGRADING to +2 tower shield.
  5329 | D:6      | 5329 ||| DROPPING +0 kite shield.
  5330 | D:6      | 5330 ||| READING scroll labelled YCUSCH HEKAM.
  5400 | D:7      | Noticed Prince Ribbit
  5402 | D:7      | 5402 ||| INVOKING Heroism.
  5423 | D:7      | Killed Prince Ribbit
  5438 | D:7      | Reached skill level 8 in Shields
  5451 | D:7      | Found a glowing silver altar of Zin.
  5541 | D:7      | Found a bloodstained altar of Trog.
  5919 | D:7      | Reached skill level 9 in Shields
  5929 | D:7      | 5929 ||| Stepping ~*~*~tactically~*~*~ (hiding).
  6194 | D:7      | Noticed Maggie
  6195 | D:7      | 6195 ||| Stepping ~*~*~tactically~*~*~ (hiding).
  6196 | D:7      | 6196 ||| Stepping ~*~*~tactically~*~*~ (hiding).
  6204 | D:7      | Killed Maggie
  6205 | D:7      | Reached skill level 10 in Shields
  6235 | D:7      | 6235 ||| Stepping ~*~*~tactically~*~*~ (stealth).
  6236 | D:7      | 6236 ||| Stepping ~*~*~tactically~*~*~ (stealth).
  6243 | D:7      | Reached *** piety under Okawaru
  6244 | D:7      | Reached XP level 10. HP: 59/59 MP: 13/13
  6246 | D:7      | 6246 ||| SWAPPING to +2 war axe of electrocution.
  6247 | D:7      | 6247 ||| DROPPING +0 war axe of venom.
  6391 | D:7      | 6391 ||| Stepping ~*~*~tactically~*~*~ (hiding).
  6476 | D:7      | 6476 ||| READING scroll labelled HOHACO MUKLE.
  6477 | D:7      | 6477 ||| READING scroll labelled ZEYVVAAHUI.
  6524 | D:8      | Found a radiant altar of Vehumet.
  6525 | D:8      | 6525 ||| Stepping ~*~*~tactically~*~*~ (hiding).
  6526 | D:8      | 6526 ||| Stepping ~*~*~tactically~*~*~ (stealth).
  6532 | D:8      | 6532 ||| STAIRDANCE
  6537 | D:7      | Reached skill level 11 in Shields
  6552 | D:8      | 6552 ||| STAIRDANCE
  6573 | D:8      | 6573 ||| STAIRDANCE
  6705 | D:8      | 6705 ||| Stepping ~*~*~tactically~*~*~ (stealth).
  6711 | D:8      | 6711 ||| Stepping ~*~*~tactically~*~*~ (hiding).
  6720 | D:8      | 6720 ||| INVOKING Heroism.
  6742 | D:8      | 6742 ||| Stepping ~*~*~tactically~*~*~ (stealth).
  6770 | D:8      | 6770 ||| Stepping ~*~*~tactically~*~*~ (stealth).
  6771 | D:8      | 6771 ||| Stepping ~*~*~tactically~*~*~ (stealth).
  6788 | D:8      | Reached skill level 6 in Fighting
  6826 | D:8      | 6826 ||| DROPPING +0 flail.
  6920 | D:8      | Noticed Joseph
  6921 | D:8      | Found a white marble altar of Elyvilon.
  6929 | D:8      | Killed Joseph
  6929 | D:8      | Reached **** piety under Okawaru
  7031 | D:8      | Noticed Maurice
  7038 | D:8      | Killed Maurice
  7385 | D:8      | 7385 ||| UPGRADING to +1 cloak.
  7390 | D:8      | 7390 ||| READING scroll labelled RAN ZUNTOUFOM.
  7391 | D:8      | 7391 ||| READING 2 scrolls of identify.
  7391 | D:8      | 7391 ||| IDENTIFYING blue potion
  7392 | D:8      | 7392 ||| DROPPING potion of invisibility.
  7483 | D:9      | Noticed a smoke demon
  7483 | D:9      | 7483 ||| Stepping ~*~*~tactically~*~*~ (stealth).
  7483 | D:9      | Noticed a rust devil
  7484 | D:9      | 7484 ||| Stepping ~*~*~tactically~*~*~ (stealth).
  7490 | D:9      | 7490 ||| INVOKING Heroism.
  7503 | D:9      | HP: 9/60 [smoke demon/ball of steam (22)]
  7504 | D:9      | 7504 ||| READING scroll of teleportation.
  7504 | D:9      | Engulfed by a smoke demon's steam

Levels and vault maps discovered:
D:1:      minmay_arrival_stair_chambers, layout_loops_ring,
          shapermc_ecumenical_altar_totnotflames, minmay_heptomino_d4
D:2:      layout_rooms, hangedman_decor_peaks_small
D:3:      layout_basic, nicolae_dithmenos_through_a_glass_darkly, serial_shops,
          nicolae_shop_waterfront, uniq_natasha
D:4:      layout_loops_ring, gammafunk_ghost_gnarly_gnolls,
          cheibrodos_gnoll_hut, uniq_ijyb
D:5:      layout_rooms, nicolae_ru_sacrificial_ziggurat,
          nemelex_diamond_rough_becter, minmay_temple_entry_mist,
          minmay_circle_x
D:6:      layout_loops_cross, grunt_decor_junction, minmay_checkerbox
D:7:      layout_basic, trog_hazing_becter, mainiacjoe_overflow_six_doors_small,
          uniq_maggie, uniq_prince_ribbit1
D:8:      layout_loops_cross, vehumet_altar_wand_db,
          mainiacjoe_overflow_tiny_flanked, uniq_maurice, uniq_joseph
D:9:      layout_loops_corners, makhleb_altar_promises_db,
          yredelemnul_forgotten_temple_becter, nicolae_where_there's_smoke
Temple:   minmay_freezing_vapour_temple

Skill      XL: |  1  2  3  4  5  6  7  8  9 10 |
---------------+-------------------------------+-----
Axes           | 2 3 4 5 6 7 8 |  8.8
Shields        | 4 5 6 7 10 11 | 11.0
Fighting       | 4 5 6 |  6.0
Dodging        | 1 |  1.2
Invocations    | 4 5 |  5.2
Throwing       | 1 |  1.5
Armour         | 4 |  4.0

Action                     |  1- 3 |  4- 6 |  7- 9 | 10-12 || total
---------------------------+-------+-------+-------+-------++-------
  Melee: War axe           |   132 |   108 |   227 |   103 ||   570
  Throw: Boomerang         |       |       |    50 |    16 ||    66
 Invoke: Heroism           |       |       |     4 |     2 ||     6
    Use: Scroll            |     3 |     2 |     8 |     5 ||    18
         Potion            |     1 |     3 |     3 |       ||     7
 Armour: Scale mail        |    73 |    67 |    71 |       ||   211
         Chain mail        |       |       |    35 |    47 ||    82
  Dodge: Dodged            |    62 |    38 |    94 |    23 ||   217
  Block: Buckler           |    10 |       |       |       ||    10
         Kite shield       |    26 |    47 |    91 |       ||   164
         Tower shield      |       |       |    63 |   117 ||   180

Table legend:
 A = Non-vault XP
 B = Vault XP
 C = Vault XP percentage of total XP
 D = Non-vault monster count
 E = Vault monster count
 F = Vault count percentage of total count
                 A         B        C        D         E       F
            +---------+---------+-------+---------+---------+-------
      Total |    4668 |    2680 |  36.5 |     142 |      31 |  17.9
            +---------+---------+-------+---------+---------+-------
        D:1 |      24 |       6 |  20.0 |      16 |       4 |  20.0
        D:2 |      46 |       0 |   0.0 |      13 |       0 |   0.0
        D:3 |     164 |      36 |  18.0 |      19 |       1 |   5.0
        D:4 |     625 |     224 |  26.4 |      17 |       7 |  29.2
        D:5 |     494 |       9 |   1.8 |      12 |       3 |  20.0
        D:6 |     678 |     557 |  45.1 |      14 |       4 |  22.2
        D:7 |    1753 |     676 |  27.8 |      36 |       8 |  18.2
        D:8 |     884 |     871 |  49.6 |      15 |       3 |  16.7
        D:9 |       0 |     301 | 100.0 |       0 |       1 | 100.0
            +---------+---------+-------+---------+---------+-------
